AoeStats
← [KMNB] Bandeira

African Clearing

506673255Analyzed
2v2 RM · 19d ago on Sep 14, 2026· 30m 29s· 4 players
Game mode
Random Map
Map size
Medium (4 player)
Population
200
Speed
Normal
Resources
Standard
Victory
Conquest
Starting age
Dark Age
Ending age
Imperial Age
RankedLock teamsTeams togetherTeam positionsShared explorationLock speedFull tech treeHidden civsTurbo modeCheats
Victory
Defeat
🇧🇷 Ethiopians · Brazil
1506
+19
🇧🇷 Magyars · Brazil
1497
+19
🇩🇪 Hindustanis · Germany
1618
-21
🇩🇪 Japanese · Germany
1521
-17
[KMNB] Bandeira
3:28 Loom
12:30 Feudal Age
13:06 Double-Bit Axe
18:05 Scale Barding Armor
23:58 Castle Age
22:09 Horse Collar
23:54 Bloodlines
25:36 Pikeman
26:56 Stone Mining
27:46 Gold Mining
[KMNB] Galodoido
11:19 Feudal Age
9:50 Loom
15:09 Fletching
17:34 Padded Archer Armor
17:22 Double-Bit Axe
23:14 Padded Archer Armor
25:33 Castle Age
23:38 Fishing Lines
23:51 Gold Mining
25:38 Crossbowman
26:16 Bodkin Arrow
27:54 Leather Archer Armor
29:01 Ballistics
Captain Falcon
10:10 Loom
12:54 Feudal Age
16:36 Castle Age
16:12 Double-Bit Axe
24:00 Bow Saw
Jay_Muehle
11:06 Loom
13:33 Feudal Age
14:56 Gold Mining
17:15 Castle Age
16:17 Double-Bit Axe
16:43 Fletching
18:01 Bodkin Arrow
19:41 Ballistics
24:18 Bloodlines
24:41 Padded Archer Armor
26:51 Husbandry
30:04 Wheelbarrow
29:56 Leather Archer Armor
Connection lost

Rejoining the realm…

Still unreachable

The connection could not be restored.

Session expired

The server has moved on; the page needs a fresh start.